 Dungeon Crawl Stone Soup version 0.30-a0-743-gbfdf073431 (webtiles) character file.

Game seed: 2142042401006831490

148827 Flugkiller the Fighter (level 16, -4/129 HPs)
             Began as a Mummy Wanderer on Feb 7, 2023.
             Was a High Priest of Okawaru.
             Slain by a tarantella (11 damage)
             ... led by a broodmother
             ... on level 2 of the Spider Nest.
             The game lasted 00:46:17 (34839 turns).

Flugkiller the Fighter (Mummy Wanderer)            Turns: 34839, Time: 00:46:18

Health: -4/129     AC: 36    Str: 23    XL:     16   Next: 95%
Magic:  23/23      EV: 10    Int: 11    God:    Okawaru [*****.]
Gold:   2213       SH: 19    Dex: 14    Spells: 15/15 levels left

rFire   . . .      SeeInvis +    M - +6 eveningstar of Ymmiodef {pain, rF+ Int+2}
rCold   + . .      Faith    +    k - +0 kite shield
rNeg    + + +      Spirit   .    g - +0 plate armour
rPois   ∞          Reflect  +    a - +2 helmet {SInv}
rElec   .          Harm     .    (no cloak)
rCorr   .          Rampage  .    o - +2 pair of gloves
Will    ++...                    I - +2 pair of boots Stlth
                                 h - amulet of reflection
HPRegen 0.41/turn                p - +4 ring of protection
MPRegen 0.18/turn                N - +4 ring of protection

@: heroic
A: cold resistance 1, negative energy resistance 3, torment resistance 2, heat
vulnerability 1, in touch with death 2, no potions, faith
a: Renounce Religion, Heroism, Finesse, Duel


You were on level 2 of the Spider Nest.
You worshipped Okawaru.
Okawaru was extremely pleased with you.
You visited 5 branches of the dungeon, and saw 25 of its levels.

You collected 2903 gold pieces.
You spent 690 gold pieces at shops.

Inventory:

Hand Weapons
 M - the +6 eveningstar of Ymmiodef (weapon) {pain, rF+ Int+2}
   (Okawaru gifted it to you on level 5 of the Lair of Beasts)

   Int:       It affects your intelligence (+2).
   rF:        It protects you from fire.
 Q - a +3 demon whip of venom
   (You found it on level 13 of the Dungeon)
Missiles
 f - 10 boomerangs
 F - a throwing net
Armour
 a - a +2 helmet of see invisible (worn)
   (You found it on level 5 of the Lair of Beasts)
 g - a +0 plate armour (worn)
   (You took it off an orc warrior on level 7 of the Dungeon)
 k - a +0 kite shield (worn)
   (You took it off a tengu warrior on level 13 of the Dungeon)
 o - a +2 pair of gloves (worn)
   (You found it on level 2 of the Dungeon)
 I - a +2 pair of boots (worn)
   (You found it on level 1 of the Lair of Beasts)
 L - the +1 helmet of Gallus {rN++ rCorr Str+2 Int-4}
   (Okawaru gifted it to you on level 4 of the Lair of Beasts)

   Str:       It affects your strength (+2).
   Int:       It affects your intelligence (-4).
   rN:        It greatly protects you from negative energy.
   rCorr:     It protects you from acid and corrosion.
Jewellery
 h - an amulet of reflection (around neck)
   (You found it on level 1 of the Dungeon)
 j - a +6 ring of dexterity
   (You found it on level 1 of the Spider Nest)
 p - a +4 ring of protection (left hand)
   (You found it on level 4 of the Lair of Beasts)
 v - a +5 ring of evasion
   (You found it on level 10 of the Dungeon)
 y - an amulet of regeneration
   (You took it off a wight on level 8 of the Dungeon)
 A - a ring of fire
   (You found it on level 8 of the Dungeon)
 N - a +4 ring of protection (right hand)
   (You found it on level 12 of the Dungeon)
 O - a +6 ring of dexterity
   (You found it on level 13 of the Dungeon)
 P - the ring of Quuquad {Fly rF+}
   (You found it on level 13 of the Dungeon)

   [ring of flight]

   rF:        It protects you from fire.
   Fly:       It grants you flight.
Wands
 c - a wand of polymorph (14) (quivered)
 s - a wand of flame (30)
   (You found it on level 3 of the Dungeon)
 E - a wand of iceblast (4)
   (You found it on level 9 of the Dungeon)
 H - a wand of mindburst (24)
   (You found it on level 1 of the Lair of Beasts)
 K - a wand of quicksilver (8)
   (You found it on level 4 of the Lair of Beasts)
Scrolls
 b - 3 scrolls of fog
 d - 5 scrolls of amnesia
 e - 3 scrolls of poison
 i - 2 scrolls of brand weapon
 l - 4 scrolls of vulnerability
 n - 4 scrolls of enchant weapon
 q - 3 scrolls of immolation
 r - 14 scrolls of identify
 t - 6 scrolls of teleportation
 u - 2 scrolls of magic mapping
 w - 2 scrolls of enchant armour
 x - 2 scrolls of silence
Miscellaneous
 m - a phial of floods
   (You found it on level 5 of the Lair of Beasts)
 B - a tin of tremorstones (2/2)
   (You found it on level 12 of the Dungeon)


   Skills:
 + Level 12.4(17.4) Fighting
 - Level 2.0(7.0) Short Blades
 - Level 7.4(15.4) Axes
 + Level 11.4(17.3) Maces & Flails
 - Level 11.0(16.0) Armour
 - Level 4.0(9.0) Dodging
 - Level 2.0(7.0) Stealth
 + Level 11.9(16.9) Shields
 - Level 1.0(6.0) Unarmed Combat
 - Level 10.0 Necromancy
 - Level 10.0 Invocations
 - Level 4.0 Evocations


You had 15 spell levels left.
You didn't know any spells.
Your spell library contained the following spells:

 Spells                   Type           Power      Damage    Failure   Level
 Necrotise                Necr           100%       1d9       8%          1
 Vampiric Draining        Necr           49%        2d9       22%         3
 Apportation              Tloc           0%         N/A       99%         1
 Magic Dart               Conj           0%         1d3       99%         1
 Shock                    Conj/Air       0%         1d3       99%         1
 Slow                     Hex            0%         N/A       99%         1
 Sting                    Tmut/Pois      0%         1d3       99%         1
 Blink                    Tloc           0%         N/A       100%        2
 Lesser Beckoning         Tloc           0%         N/A       100%        2
 Poisonous Vapours        Pois/Air       0%         N/A       100%        2
 Searing Ray              Conj           0%         2d4       100%        2
 Confusing Touch          Hex            0%         N/A       100%        3
 Gell's Gravitas          Tloc           0%         N/A       100%        3
 Kindle Blastsparks       Fire/Tloc/Air  0%         2d10      100%        3
 Portal Projectile        Hex/Tloc       0%         N/A       100%        3
 Swiftness                Air            0%         N/A       100%        3
 Teleport Other           Tloc           0%         N/A       100%        3
 Vhi's Electric Charge    Tloc/Air       0%         N/A       100%        3
 Airstrike                Air            0%         2d(0-16)  100%        4
 Fulminant Prism          Conj/Hex       0%         3d5       100%        4
 Iskenderun's Mystic Bla  Conj/Tloc      0%         2d3       100%        4
 Manifold Assault         Tloc           0%         N/A       100%        4
 Olgreb's Toxic Radiance  Pois           0%         N/A       100%        4
 Passage of Golubria      Tloc           0%         N/A       100%        4
 Petrify                  Tmut/Erth      0%         N/A       100%        4
 Arcjolt                  Conj/Air       0%         1d10      100%        5
 Irradiate                Conj/Tmut      0%         3d11      100%        5
 Lee's Rapid Deconstruct  Erth           0%         3d4*      100%        5
 Silence                  Hex/Air        0%         N/A       100%        5
 Yara's Violent Unravell  Hex/Tmut       0%         3d3       100%        5
 Conjure Ball Lightning   Conj/Air       0%         3x3d6     100%        6
 Dispersal                Tloc           0%         N/A       100%        6
 Discord                  Hex            0%         N/A       100%        8
 Disjunction              Tloc           0%         N/A       100%        8
 Lehudib's Crystal Spear  Conj/Erth      0%         10d2      100%        8
 Maxwell's Capacitive Co  Air            0%         ∞         100%        8
 Sublimation of Blood     Necr           Unusable   N/A       N/A         2
 Summon Small Mammal      Summ           Unusable   N/A       N/A         1
 Tukima's Dance           Hex            Unusable   N/A       N/A         3
 Blade Hands              Tmut           Unusable   N/A       N/A         5
 Storm Form               Tmut/Air       Unusable   N/A       N/A         7

Dungeon Overview and Level Annotations

Branches:
Dungeon (15/15) Zot: 24607  Temple (1/1) D:4 Zot: 5859    Lair (5/5) D:8 Zot: 20553
 Shoals (0/4) Lair:3       Spider (2/4) Lair:3 Zot: 9838   Slime (0/5) Lair:4
    Orc (2/2) D:12 Zot: 9645     Elf (0/3) Orc:2        Vaults (0/5) D:14
 Depths (0/4) D:15

Altars:
Ashenzari
Cheibriados
Dithmenos
Fedhas
Gozag
Hepliaklqana
Kikubaaqudgha
Makhleb
Nemelex Xobeh
Okawaru
Qazlal
Ru
Sif Muna
Trog
Uskayaw
Vehumet
Wu Jian
Xom
Yredelemnul

Shops:
D:3 *   D:7 [   D:8 (   D:14 **   Orc:2 ((((

Annotations:
D:4 Dowan, Duvessa
D:6 Maggie
D:13 3 runed translucent doors
Lair:4 1 runed translucent door


Innate Abilities, Weirdness & Mutations

You are immune to poison.
Your flesh is cold resistant. (rC+)
You are immune to negative energy. (rN+++)
You are immune to unholy pain and torment.
You are vulnerable to heat. (rF-)
You are strongly in touch with the powers of death.
You do not drink.
You have a special connection with the divine. (Faith)


Message History

The tarantella barely misses you.
The tarantella touches you but does no damage.
The redback bites you.
You hit the broodmother.
The broodmother is severely wounded.
The redback bites you but does no damage.
The tarantella touches you.
The broodmother bites you but does no damage.
The redback bites you but does no damage.
You block the tarantella's attack.
You hit the broodmother.
The broodmother is severely wounded.
The redback barely misses you. The tarantella completely misses you.
The tarantella touches you!
You are confused.
The redback bites you but does no damage.
The broodmother bites you but does no damage.
Unknown command.
You can't drink.
Unknown command.
You impale the tarantella!!
You kill the tarantella!
The tarantella's corpse disappears in a puff of smoke!
The redback closely misses you.
The tarantella touches you but does no damage.
The redback barely misses you.
The broodmother bites you but does no damage.
Unknown command.
You bump into the rock wall.
The redback bites you but does no damage. x2
The tarantella touches you but does no damage. x2
The broodmother summons spiders!
The redback barely misses you. The tarantella closely misses you.
The redback barely misses you. The tarantella touches you.
Unknown command.
You're too confused to move!
The redback bites you but does no damage.
The tarantella completely misses you.
The tarantella touches you but does no damage.
The redback completely misses you. The broodmother completely misses you.
Unknown command.
You bump into the rock wall.
The redback bites you but does no damage.
The tarantella touches you but does no damage.
The redback bites you!
* * * LOW HITPOINT WARNING * * *
The tarantella closely misses you. The broodmother bites you!
* * * LOW HITPOINT WARNING * * *
The tarantella touches you!
* * * LOW HITPOINT WARNING * * *
The redback bites you but does no damage.
The tarantella touches you but does no damage.
Unknown command.
You puncture the tarantella!
The tarantella writhes in agony.
The tarantella is moderately wounded.
The broodmother bites you but does no damage.
The redback bites you but does no damage.
The tarantella closely misses you. The wolf spider hits you.
* * * LOW HITPOINT WARNING * * *
The wolf spider bites you.
* * * LOW HITPOINT WARNING * * *
Unknown command.
You puncture the broodmother!
The broodmother writhes in agony!
The broodmother is almost dead.
The broodmother barely misses you. The redback barely misses you.
The tarantella touches you but does no damage.
The wolf spider closely misses you. The wolf spider barely misses you.
Unknown command.
You're too confused to move!
The redback bites you but does no damage.
The tarantella barely misses you. The redback closely misses you.
The wolf spider hits you but does no damage.
The wolf spider bites you but does no damage.
The broodmother bites you but does no damage.
The redback closely misses you.
Unknown command.
You hit the broodmother.
The broodmother writhes in agony!
The broodmother is almost dead.
You feel less confused. You block the wolf spider's attack.
The wolf spider bites you but does no damage.
You block the redback's attack. You block the tarantella's attack.
The broodmother bites you but does no damage.
You block the redback's attack.
The redback bites you but does no damage.
You block the wolf spider's attack.
The wolf spider bites you but does no damage.
Unknown command.
Okay, then.
Okay, then.
Okay, then.
You puncture the broodmother!
You kill the broodmother!
Okawaru accepts your kill.
The jumping spider disappears in a puff of smoke!
The wolf spider disappears in a puff of smoke!
The redback disappears in a puff of smoke! x2
The tarantella disappears in a puff of smoke!
The tarantella closely misses you. The tarantella touches you!
You die...

###......#.##
#...........#
#....^......#
#..........##
#####.....†<###
#.........###
#..^.^§...#
#.^..§.s.## [
##...#@§§# ..
##..s.##§.#
...#....s.####
..^...ssy.#
......#..##
.......s##
.#....†##
#...... #......


You could see a tarantella.

Vanquished Creatures
  Saint Roka (Orc:2)
  A sphinx (D:13)
  A frost giant (Arena)
  An orc warlord (Orc:1)
  2 broodmothers
  2 dire elephants (Lair:5)
  Josephine (Lair:3)
  A deep elf high priest (D:13)
  An entropy weaver (Spider:1)
  Harold (Lair:1)
  7 hydras
  2 ghost crabs (Spider:1)
  A radroach (Spider:1)
  3 ogre magi
  2 catoblepae
  4 vault guards
  A death knight (D:14)
  4 centaur warriors (D:13)
  9 boulder beetles
  13 two-headed ogres
  4 tengu warriors
  16 death yaks
  A dancing weapon (D:13)
  A fire crab (Lair:4)
  A spectral death yak (Lair:5)
  2 skeletal warriors (D:13)
  2 pharaoh ants (Spider:2)
  A spectral anaconda (Lair:5)
  2 deep trolls (Orc:2)
  4 orb spiders
  A wizard (D:15)
  An obsidian statue (Lair:5)
  An orc knight (Orc:1)
  3 deep elf pyromancers
  A lindwurm (Lair:5)
  A deep elf zephyrmancer (D:15)
  A phantasmal warrior (D:14)
  2 orc sorcerers
  A steelbarb worm (Lair:3)
  5 necromancers
  An oklob plant (Lair:4)
  17 ugly things
  5 cyclopes
  16 elephants
  6 wolf spiders
  8 black mambas
  A demonic crawler (Spider:1)
  A dire elephant zombie (Lair:5)
  An ice statue (Lair:5)
  A naga mage (D:15)
  2 gargoyles
  11 cane toads
  2 centaur zombies (D:15)
  A centaur skeleton (D:15)
  A black mamba (shapeshifter) (D:13)
  A dire elephant skeleton (Lair:5)
  4 torpor snails
  An unseen horror (D:12)
  11 komodo dragons
  A freezing wraith (D:14)
  2 kobold demonologists
  2 rime drakes (Lair:4)
  2 tengu conjurers (D:15)
  An ice devil (Lair:5)
  4 meliai
  22 trolls
  A queen bee (Lair:4)
  6 tyrant leeches (Spider:1)
  A hornet (shapeshifter) (D:13)
  6 polar bears
  A raiju (Lair:5)
  A hornet (D:10)
  19 tarantellas
  20 blink frogs
  A spectral elephant (Lair:5)
  2 slime creatures (D:13)
  2 centaur simulacra (D:15)
  9 jumping spiders
  A slime creature (shapeshifter) (D:13)
  2 spriggans (Lair:3)
  10 culicivoras
  4 water elementals
  13 wraiths
  3 shadows
  60 yaks
  3 wyverns
  4 basilisks
  A death yak simulacrum (Lair:5)
  25 redbacks
  A spectral cane toad (Lair:5)
  An acid dragon (D:12)
  25 vampire mosquitoes
  Menkaure (D:7)
  A warg (Orc:2)
  22 water moccasins
  3 black bears
  8 ice beasts
  A swamp drake (D:8)
  3 sky beasts (D:7)
  15 orc warriors
  5 boggarts (D:15)
  14 centaurs
  An elephant skeleton (Lair:5)
  21 ogres
  18 wolves
  A phantom (D:6)
  9 bullfrogs
  5 scorpions
  2 necrophages
  10 wights
  A hornet simulacrum (D:14)
  3 killer bees (D:8)
  An elephant simulacrum (Lair:5)
  11 howler monkeys
  8 electric eels
  5 hounds
  A gnoll bouda (D:9)
  4 jellies
  18 orc priests
  An iguana (D:7)
  32 orc wizards
  A hell rat (Lair:4)
  A hound skeleton (D:2)
  13 gnolls
  2 adders (D:3)
  A shadow imp (D:6)
  2 white imps
  2 ufetubi (D:5)
  An adder zombie (D:2)
  An adder skeleton (D:2)
  3 worms
  3 dart slugs
  67 orcs
  5 bats
  A bat skeleton (D:2)
  6 endoplasms
  3 giant cockroaches
  7 goblins
  10 hobgoblins
  2 jackals (D:1)
  6 kobolds
  3 quokkas
  5 ball pythons
  A ball python skeleton (D:2)
  A frilled lizard (D:3)
  A quokka skeleton (D:2)
  A rat (D:1)
830 creatures vanquished.

Vanquished Creatures (others)
  An elephant (Lair:5)
  A bush (Lair:4)
  92 fungi
  107 plants
  15 withered plants (Lair:5)
216 creatures vanquished.

Grand Total: 1046 creatures vanquished

Notes
Turn   | Place    | Note
-------+----------+-------------------------------------------
     0 | D:1      | Flugkiller the Mummy Wanderer began the quest for the Orb.
     0 | D:1      | Flugkiller set off with the following items: a +0 club, a
                  | scroll of fog, a wand of polymorph (7), a +2 leather
                  | armour, a scroll of blinking.
     0 | D:1      | Reached XP level 1. HP: 19/19 MP: 1/1
    53 | D:1      | Reached skill level 1 in Stealth
   159 | D:1      | Reached XP level 2. HP: 21/25 MP: 2/2
   743 | D:1      | Reached skill level 1 in Short Blades
   778 | D:1      | Gained mutation: You are in touch with the powers of death.
                  | [Mummy growth]
   778 | D:1      | Reached XP level 3. HP: 30/30 MP: 3/3
  1133 | D:2      | Identified a scroll of acquirement
  1805 | D:2      | Reached XP level 4. HP: 37/37 MP: 4/4
  1988 | D:3      | Identified the +4 war axe of Metiunn {venom, *Rage rC++
                  | Int+4}
  2200 | D:3      | Found Ruowuac's Assorted Antiques.
  2221 | D:3      | Bought a scroll labelled ILEASMI VIOV for 33 gold pieces
  2453 | D:4      | Noticed Dowan
  2455 | D:4      | Noticed Duvessa
  2539 | D:4      | Noticed a black bear
  2576 | D:4      | Reached skill level 1 in Axes
  2576 | D:4      | Reached XP level 5. HP: 4/42 MP: 5/5
  2867 | D:4      | Killed a black bear
  3034 | D:4      | Reached XP level 6. HP: 46/48 MP: 6/6
  3074 | D:4      | Found a staircase to the Ecumenical Temple.
  3102 | Temple   | Entered the Ecumenical Temple
  3213 | Temple   | Became a worshipper of Warmaster Okawaru
  3434 | D:4      | Found an ornate altar of the Wu Jian Council.
  3553 | D:5      | Entered Level 5 of the Dungeon
  3744 | D:5      | Reached XP level 7. HP: 45/54 MP: 7/7
  3778 | D:5      | Reached * piety under Okawaru
  3779 | D:5      | Reached skill level 1 in Invocations
  4264 | D:6      | Reached skill level 5 in Axes
  4289 | D:6      | Reached ** piety under Okawaru
  4325 | D:6      | Reached XP level 8. HP: 29/60 MP: 10/10
  4478 | D:6      | Found a radiant altar of Vehumet.
  4478 | D:6      | Found a shimmering altar of Xom.
  4632 | D:6      | Noticed Maggie
  5017 | D:6      | Found a bloodstained altar of Trog.
  5256 | D:7      | Reached skill level 5 in Fighting
  5314 | D:7      | Reached *** piety under Okawaru
  5364 | D:7      | Noticed Menkaure
  5387 | D:7      | Killed Menkaure
  5388 | D:7      | Reached skill level 6 in Fighting
  5510 | D:7      | Reached XP level 9. HP: 59/69 MP: 12/12
  5597 | D:7      | Reached **** piety under Okawaru
  5598 | D:7      | Reached skill level 1 in Armour
  5805 | D:7      | Found Kahetewn's Armour Boutique.
  5937 | D:7      | You fall into a shaft and drop 3 floors!
  5937 | D:10     | Entered Level 10 of the Dungeon
  5956 | D:10     | Noticed a troll
  6141 | D:9      | Reached skill level 7 in Fighting
  6303 | D:9      | Found a blossoming altar of Fedhas.
  6364 | D:8      | Noticed a komodo dragon
  6473 | D:7      | Reached ***** piety under Okawaru
  6778 | D:8      | Reached XP level 10. HP: 26/80 MP: 10/13
  7080 | D:8      | Reached skill level 1 in Shields
  7302 | D:8      | Found Pallour's Weapon Emporium.
  7648 | D:8      | Reached skill level 8 in Fighting
  7770 | D:8      | Found an opulent altar of Gozag.
  7810 | D:8      | Reached skill level 5 in Invocations
  8052 | D:8      | Found a staircase to the Lair.
  9284 | D:9      | Noticed a rust devil
  9292 | D:9      | Noticed a sun demon
 10031 | D:10     | Received a gift from Okawaru
 10330 | D:10     | Reached XP level 11. HP: 71/87 MP: 16/16
 10565 | D:9      | Received a gift from Okawaru
 10566 | D:9      | Reached skill level 5 in Armour
 10751 | D:10     | Reached skill level 9 in Fighting
 10993 | D:10     | Noticed a two-headed ogre
 11001 | D:10     | Killed a two-headed ogre
 12027 | D:11     | Reached skill level 10 in Fighting
 12834 | Lair:1   | Entered Level 1 of the Lair of Beasts
 12834 | Lair:1   | Noticed Harold
 12844 | Lair:1   | Killed Harold
 13050 | Lair:1   | Reached ****** piety under Okawaru
 13059 | Lair:1   | Received a gift from Okawaru
 13317 | D:8      | Bought a +2 demon whip of venom for 450 gold pieces
 13513 | Lair:1   | Noticed a catoblepas
 13536 | Lair:1   | Killed a catoblepas
 13537 | Lair:1   | Reached skill level 1 in Maces & Flails
 13774 | Lair:1   | Reached XP level 12. HP: 84/97 MP: 17/17
 14229 | Lair:2   | Noticed a death yak
 14229 | Lair:2   | Noticed a death yak
 14230 | Lair:2   | Noticed a death yak
 14232 | Lair:2   | Noticed a death yak
 14232 | Lair:2   | Noticed a death yak
 14233 | Lair:2   | Noticed a death yak
 14249 | Lair:2   | Killed a death yak
 14266 | Lair:2   | Killed a death yak
 14289 | Lair:2   | Killed a death yak
 14311 | Lair:2   | Noticed a six-headed hydra
 14326 | Lair:2   | Identified the +1 ring mail "Dakhlobo" {rPois rF+ Will+}
                  | (Okawaru gifted it to you on level 2 of the Lair of Beasts)
 14326 | Lair:2   | Received a gift from Okawaru
 14328 | Lair:2   | Identified the +7 great sword "Idusoum" {spect, Str+3 SInv}
 14574 | Lair:2   | Killed a six-headed hydra
 14971 | Lair:2   | Reached skill level 5 in Maces & Flails
 15018 | Lair:2   | Killed a death yak
 15046 | Lair:2   | Killed a death yak
 15860 | Lair:2   | Killed a death yak
 15860 | Lair:2   | Identified the +0 robe "Beroh" {Rampage Regen+ rCorr Dex-2}
                  | (Okawaru gifted it to you on level 2 of the Lair of Beasts)
 15860 | Lair:2   | Received a gift from Okawaru
 15933 | Lair:3   | Found a hole to the Spider Nest.
 16287 | Lair:2   | Gained mutation: You are strongly in touch with the powers
                  | of death. [Mummy growth]
 16287 | Lair:2   | Reached XP level 13. HP: 76/103 MP: 20/20
 16430 | Lair:3   | Noticed Josephine
 16463 | Lair:3   | Killed Josephine
 16464 | Lair:3   | Reached skill level 10 in Invocations
 16832 | Lair:3   | Found a staircase to the Shoals.
 18298 | Lair:4   | Received a gift from Okawaru
 18299 | Lair:4   | Reached skill level 10 in Maces & Flails
 18550 | Lair:4   | Received a gift from Okawaru
 18720 | Lair:4   | Found a sacrificial altar of Ru.
 18750 | Lair:4   | Identified the +6 falchion of Fortitude {heavy, +Blink
                  | rPois}
 19377 | Lair:4   | Found a runed translucent door.
 19377 | Lair:4   | Found a staircase to the Slime Pits.
 19543 | Lair:4   | Received a gift from Okawaru
 19544 | Lair:4   | Reached XP level 14. HP: 69/111 MP: 19/21
 20013 | Lair:4   | Identified the +1 helmet of Gallus {rN++ rCorr Str+2 Int-4}
                  | (Okawaru gifted it to you on level 4 of the Lair of Beasts)
 20013 | Lair:4   | Received a gift from Okawaru
 20189 | Lair:5   | Entered Level 5 of the Lair of Beasts
 20375 | Lair:5   | Reached skill level 11 in Fighting
 21614 | Lair:5   | Reached skill level 12 in Fighting
 21632 | Lair:5   | Identified the +6 eveningstar of Ymmiodef {pain, rF+ Int+2}
                  | (Okawaru gifted it to you on level 5 of the Lair of Beasts)
 21632 | Lair:5   | Received a gift from Okawaru
 21646 | Lair:5   | Reached skill level 10 in Armour
 22160 | Lair:5   | Reached skill level 1 in Necromancy
 22583 | Lair:5   | Identified the -1 pair of boots of Terror {Int+2} (Okawaru
                  | gifted it to you on level 5 of the Lair of Beasts)
 22583 | Lair:5   | Received a gift from Okawaru
 23517 | D:12     | Found a staircase to the Orcish Mines.
 24549 | D:13     | Reached XP level 15. HP: 101/120 MP: 22/22
 24610 | D:13     | Reached skill level 5 in Necromancy
 24961 | D:13     | Found a runed translucent gate.
 24961 | D:13     | Found a runed translucent gate.
 24961 | D:13     | Found a runed translucent gate.
 25559 | D:13     | Found a runed translucent gate.
 25559 | D:13     | Found a runed translucent gate.
 25559 | D:13     | Found a runed translucent gate.
 25598 | D:13     | Noticed a frost giant
 25600 | D:13     | Noticed a sphinx
 25744 | Arena    | Entered the Arena
 25751 | Arena    | Killed a frost giant
 25751 | Arena    | Received a gift from Okawaru
 26101 | D:13     | Killed a sphinx
 26135 | D:13     | Identified the ring of Quuquad {Fly rF+}
 26335 | D:14     | Found a gate to the Vaults.
 27256 | D:14     | Reached skill level 5 in Shields
 27565 | D:14     | Found Inweacli's General Store.
 27566 | D:14     | Found Daenaum's Specific Store.
 27715 | D:15     | Entered Level 15 of the Dungeon
 28102 | D:15     | Reached skill level 10 in Necromancy
 28152 | D:15     | Found a shimmering altar of Xom.
 28163 | D:15     | Identified the +1 ring mail of Narcissism {+Blink} (Okawaru
                  | gifted it to you on level 15 of the Dungeon)
 28163 | D:15     | Received a gift from Okawaru
 28746 | Arena    | Entered the Arena
 28750 | Arena    | HP: 2/120 [cyan ugly thing (17)]
 29376 | D:15     | Found a staircase to the Depths.
 29646 | D:15     | Reached XP level 16. HP: 93/127 MP: 23/23
 29798 | D:15     | Identified the +2 flail of Insomnia {holy, rC+ rN+ Will+++
                  | Str-2}
 29996 | Orc:1    | Entered Level 1 of the Orcish Mines
 30120 | Orc:2    | Entered Level 2 of the Orcish Mines
 30507 | Orc:2    | Noticed Saint Roka
 31362 | Orc:2    | Killed Saint Roka
 31616 | Orc:2    | Identified the +2 scale mail "Qoiczap" {Will+ Str+3}
                  | (Okawaru gifted it to you on level 2 of the Orcish Mines)
 31616 | Orc:2    | Received a gift from Okawaru
 31617 | Orc:2    | Reached skill level 10 in Shields
 32102 | Orc:2    | Found Hinam's Antique Weapon Emporium.
 32103 | Orc:2    | Found Apnialaf's Weapon Emporium.
 32105 | Orc:2    | Found Gacroff's Antique Weapon Boutique.
 32115 | Orc:2    | Found Soist's Antique Weapon Shoppe.
 32118 | Orc:2    | Bought a glimmering broad axe for 207 gold pieces
 32118 | Orc:2    | Identified the +6 broad axe "Veajiles" {freeze, rCorr Str-5
                  | Int+8} (You bought it in a shop on level 2 of the Orcish
                  | Mines)
 32223 | Orc:2    | Found a staircase to the Elven Halls.
 32301 | Orc:2    | Acquired 542 gold pieces
 32520 | Spider:1 | Entered Level 1 of the Spider Nest
 34835 | Spider:2 | HP: 6/129 [wolf spider[a broodmother] (2)]
 34839 | Spider:2 | Slain by a tarantella

Illustrated notes

Levels and vault maps discovered:
D:1:      scummos_arrival_simple_crosswalls, layout_basic
D:2:      layout_loops_cross, serial_undead, serial_undead_b, serial_undead_d,
          serial_undead_e, serial_undead_c
D:3:      layout_rooms, serial_shops, nicolae_shop_advertising_works
          [nicolae_subvault_shop_adworks], roderic_roman_lattice
D:4:      layout_rooms, kennysheep_little_box, minmay_temple_entry_waves,
          uniq_duvessa
D:5:      layout_basic
D:6:      layout_basic, gammafunk_temple_overflow_wave,
          mainiacjoe_overflow_alcove_2, uniq_maggie
D:7:      layout_layer_cave, serial_shops, shop, minivault_14, st_stairs_6,
          uniq_menkaure
D:8:      layout_loops_ring, nicolae_gozag_cash_rules_everything_around_me,
          due_lair_maze_entry_diamond, serial_shops, nicolae_shop_crystal,
          columned_hall_lemuel
D:9:      layout_layer_cave, fedhas_ov_isle_minmay, hex_tiny
D:10:     layout_irregular_city
D:11:     layout_long_grid, grunt_ministairs_3, st_stairs_14
D:12:     layout_basic, orc_0_dummy, drop_trap
D:13:     kennysheep_treasure_stockpile, layout_irregular_city
D:14:     layout_gridville, lightli_vaults_fourway_checkpoint,
          nicolae_specific_store
D:15:     grunt_enter_depths_magical_seal, layout_stronghold,
          lemuel_crystal_altar, gauntlet_entry_generic
Temple:   kb_temple_of_zot
Lair:1:   layout_roguey, uniq_harold
Lair:2:   layout_loops_ring
Lair:3:   layout_layer_cave, shoals_dummy_entry, spider_nest_entry_a,
          forest_entry_grove, lemuel_fruit_tree, grunt_megastairs_5,
          uniq_josephine
Lair:4:   nzn_winding_woodlands_large [nzn_winding_woodlands_5x5_open_star,
          nzn_winding_woodlands_5x15_zeroes, nzn_winding_woodlands_5x5_default,
          nzn_winding_woodlands_center_pierced_h,
          nzn_winding_woodlands_15x15_five_gardens,
          nzn_winding_woodlands_center_lodge,
          nzn_winding_woodlands_5x5_perimeter,
          nzn_winding_woodlands_5x15_lazy_stream,
          nzn_winding_woodlands_5x5_checkerboard], layout_loops_ring,
          slime_entry_2, basic_altar, st_stairs_3
Lair:5:   due_jungle_book, layout_layer_cave, st_stairs_9, ice2_lemuel
Spider:1: layout_cave_pods, nicolae_spider_swamp_cousins
Spider:2: layout_spider_delve, hellmonk_narrow_tunnel,
          hangedman_spider_tarantella_strand, uniq_arachne
Orc:1:    layout_caves
Orc:2:    st_orc_open, layout_caves, uniq_saint_roka

Skill      XL: |  1  2  3  4  5  6  7  8  9 10 11 12 13 14 15 16 |
---------------+-------------------------------------------------+-----
Stealth        | 1 2 |  2.0
Short Blades   | 1 2 |  2.0
Axes           | 1 3 4 5 6 7 |  7.4
Dodging        | 4 |  4.0
Invocations    | 3 4 7 9 10 | 10.0
Evocations     | 2 3 4 |  4.0
Fighting       | 6 7 8 10 12 | 12.4
Armour         | 3 4 8 10 11 | 11.0
Shields        | 4 7 11 | 11.9
Maces & Flails | 2 6 11 | 11.4
Necromancy     | 4 10 | 10.0
Unarmed Combat | |  1.0

Action                     |  1- 3 |  4- 6 |  7- 9 | 10-12 | 13-15 | 16-18 || total
---------------------------+-------+-------+-------+-------+-------+-------++-------
  Melee: Club              |    66 |       |       |       |       |       ||    66
         Dagger            |   111 |   100 |       |       |       |       ||   211
         Punch             |       |     2 |     8 |       |       |       ||    10
         War axe           |       |    45 |   247 |   390 |       |       ||   682
         Demon whip        |       |       |       |   388 |  1064 |       ||  1452
         Eveningstar       |       |       |       |       |   748 |   753 ||  1501
 Invoke: Heroism           |       |       |     3 |    17 |    15 |     9 ||    44
         Finesse           |       |       |       |     2 |     4 |     1 ||     7
         Duel              |       |       |       |       |     2 |       ||     2
  Evoke: Wand              |       |     2 |     5 |     7 |    14 |     4 ||    32
         Tin of tremorston |       |       |       |       |     1 |       ||     1
         Phial of floods   |       |       |       |       |       |     1 ||     1
    Use: Scroll            |     2 |     6 |     2 |    10 |     6 |     1 ||    27
   Stab: Sleeping          |     4 |     2 |       |     1 |       |       ||     7
         Petrified         |       |       |       |       |     1 |       ||     1
         Distracted        |       |       |       |       |       |     1 ||     1
 Armour: Leather armour    |    73 |    32 |       |       |       |       ||   105
         Ring mail         |       |     4 |    70 |    67 |       |       ||   141
         Plate armour      |       |       |       |   197 |   872 |   507 ||  1576
  Dodge: Dodged            |   101 |    79 |   113 |   300 |   704 |   206 ||  1503
  Block: Other             |     9 |    31 |    49 |       |       |       ||    89
         Buckler           |       |       |    12 |   369 |   582 |       ||   963
         Reflection        |       |       |       |     6 |    15 |     7 ||    28
         Kite shield       |       |       |       |       |   285 |   744 ||  1029

Table legend: (Time is in decaauts)
 A = Elapsed time spent in this place.
 B = Non-inter-level travel time spent in this place.
 C = Inter-level travel time spent in this place.
 D = Time resting spent in this place.
 E = Time spent auto-exploring this place.
 F = Levels seen in this place.
 G = Mean time per level.
                   A        B        C        D        E       F      G
               +--------+--------+--------+--------+--------+-----+--------+
         Total |  34463 |  32762 |   1701 |  10931 |  14262 |  27 | 1276.4 |
       Dungeon |  20327 |  19098 |   1229 |   6107 |   8979 |  15 | 1355.1 |
        Temple |    140 |     92 |     48 |      0 |     80 |   1 |  140.0 |
          Lair |   9446 |   9130 |    316 |   3136 |   3887 |   5 | 1889.2 |
   Spider Nest |   2160 |   2125 |     35 |    701 |    685 |   2 | 1080.0 |
  Orcish Mines |   2354 |   2283 |     71 |    973 |    630 |   2 | 1177.0 |
         Arena |     33 |     33 |      0 |     13 |      0 |   2 |   16.5 |
               +--------+--------+--------+--------+--------+-----+--------+

Top non-repeatable levels by time:
    D:13: 2644 daAuts
  Lair:3: 2378 daAuts
  Lair:5: 2256 daAuts
     D:9: 2165 daAuts
     D:8: 1889 daAuts
  Lair:4: 1866 daAuts
Spider:1: 1774 daAuts
    D:15: 1653 daAuts
  Lair:1: 1609 daAuts
    D:10: 1523 daAuts
    D:12: 1410 daAuts
     D:7: 1404 daAuts
    D:14: 1389 daAuts
  Lair:2: 1336 daAuts
   Orc:1: 1284 daAuts
